 Dungeon Crawl Stone Soup version 0.23-a0-183-gf37f6fb (webtiles) character file.

212 digijack the Chopper (level 5, -2/47 HPs)
             Began as a Hill Orc Monk on Sept 20, 2018.
             Slain by a worker ant (5 damage)
             ... on level 4 of the Dungeon on Sept 21, 2018.
             The game lasted 00:13:24 (3248 turns).

digijack the Chopper (Hill Orc Monk)                Turns: 3248, Time: 00:13:25

Health: -2/47      AC:  5    Str: 14    XL:     5   Next: 90%
Magic:  5/5        EV: 12    Int: 10    God:
Gold:   200        SH:  0    Dex: 14    Spells: 4/4 levels left

rFire    . . .     SeeInvis .   a - +0 hand axe
rCold    . . .     Gourm    .   (no shield)
rNeg     . . .     Faith    .   k - +0 leather armour
rPois    .         Spirit   .   (no helmet)
rElec    .         Reflect  .   g - +0 cloak
rCorr    .         Harm     .   h - +0 pair of gloves
MR       .....                  (no boots)
Stlth    ++........             (no amulet)
HPRegen  0.15/turn              (no ring)
MPRegen  0.09/turn              (no ring)

@: flying (expiring)
A: no striking features
a: no special abilities


You were on level 4 of the Dungeon.
You were hungry.

You visited 1 branch of the dungeon, and saw 4 of its levels.

You collected 200 gold pieces.

Inventory:

Hand Weapons
 a - a +0 hand axe (weapon)
Missiles
 f - 83 stones (quivered)
Armour
 g - a +0 cloak (worn)
 h - a +0 pair of gloves (worn)
 k - a +0 leather armour (worn)
Wands
 b - a wand of enslavement (21)
Scrolls
 l - a scroll of identify
Potions
 i - a potion of agility
Comestibles
 c - 5 chunks of flesh
 Z - 6 rations


   Skills:
 + Level 4.9 Fighting
 * Level 6.6 Axes
 + Level 2.7 Armour
 - Level 2.4 Dodging
 - Level 1.5 Stealth


You had 4 spell levels left.
You didn't know any spells.
Your spell library was empty.

Dungeon Overview and Level Annotations

Branches:
Dungeon (4/15)
 Temple: D:4-7

Altars:
Gozag
Xom
The Shining One


Message History

As you open the door, it creaks loudly!
You feel sick.
The worker ant bites you but does no damage.
Found 14 stones and 7 gold pieces.
A worm comes into view.
There is an open door here.
You feel sick. The worker ant bites you.
* * * LOW HITPOINT WARNING * * *
You are starting to lose your buoyancy.
You feel sick.
You are no longer poisoned.
Welcome back, digijack the Hill Orc Monk.
Press ? for a list of commands and other information.
Welcome back, digijack the Hill Orc Monk.
Press ? for a list of commands and other information.
You hit the worker ant.
The worker ant is moderately wounded.
The worker ant bites you.
You die...

###### #....# #....#
#....# # #....# ########
#.### #....##
#......######## ##....
##.....###(.....#.......
......
.........'.....a@.......
#####
.#.....###..$w..#........
#.##... #....##
#......#........ #.##...
#....#
#......#........##.##..#
######
#......#...........#....
.........................
........................).
###################......#
#.......


You could see a worm and a worker ant.

Vanquished Creatures
  A hound (D:4)
  An orc priest (D:3)
  A worker ant (D:4)
  7 adders
  A worm (D:3)
  2 dart slugs
  3 leopard geckos
  3 orcs
  7 giant cockroaches
  4 hobgoblins
  3 jackals (D:2)
  2 quokkas
  6 bats
  3 frilled lizards
  6 goblins
  5 kobolds
  4 rats
59 creatures vanquished.

Notes
Turn   | Place    | Note
-------+----------+-------------------------------------------
     0 | D:1      | digijack the Hill Orc Monk began the quest for the Orb.
     0 | D:1      | Reached XP level 1. HP: 19/19 MP: 1/1
   133 | D:1      | Reached XP level 2. HP: 27/27 MP: 2/2
   446 | D:1      | Reached skill level 1 in Armour
   758 | D:2      | Reached XP level 3. HP: 22/33 MP: 3/3
   914 | D:2      | Reached skill level 5 in Axes
  1070 | D:2      | Found a glowing golden altar of the Shining One.
  1104 | D:2      | Reached XP level 4. HP: 36/40 MP: 4/4
  2116 | D:3      | Found a shimmering altar of Xom.
  2468 | D:3      | Reached XP level 5. HP: 31/47 MP: 5/5
  2495 | D:3      | Reached skill level 6 in Axes
  3074 | D:4      | Found an opulent altar of Gozag.
  3248 | D:4      | Upgraded the game from 0.23-a0-182-g58cdd98 to
                  | 0.23-a0-183-gf37f6fb
  3248 | D:4      | Slain by a worker ant

Vault maps used:
D:1:      roderic_crop_circles_arrival_small, minmay_misc_feat_alley
D:2:      tso_altar
D:3:      xom_teletrap_fun
D:4:      first_ration, nicolae_gozag_seed_capital

Skill      XL: |  1  2  3  4  5 |
---------------+----------------+-----
Armour         | 1 2 |  2.7
Fighting       | 4 |  4.9
Axes           | 5 6 |  6.6
Dodging        | |  2.4
Stealth        | |  1.5

Action                   |  1- 3 |  4- 6 || total
-------------------------+-------+-------++-------
Melee: Hand axe          |   106 |   153 ||   259
  Use: Scroll            |     5 |     3 ||     8
       Potion            |       |     2 ||     2
 Stab: Sleeping          |     2 |     2 ||     4
  Eat: Chunk             |     1 |     6 ||     7
Armor: Robe              |    29 |    10 ||    39
       Leather armour    |       |    32 ||    32
Dodge: Dodged            |    84 |   103 ||   187

Table legend:
 A = Non-vault XP
 B = Vault XP
 C = Vault XP percentage of total XP
 D = Non-vault monster count
 E = Vault monster count
 F = Vault count percentage of total count
                 A         B        C        D         E       F
            +---------+---------+-------+---------+---------+-------
      Total |     304 |       0 |   0.0 |      59 |       0 |   0.0
            +---------+---------+-------+---------+---------+-------
        D:1 |      30 |       0 |   0.0 |      16 |       0 |   0.0
        D:2 |      66 |       0 |   0.0 |      18 |       0 |   0.0
        D:3 |     126 |       0 |   0.0 |      19 |       0 |   0.0
        D:4 |      82 |       0 |   0.0 |       6 |       0 |   0.0
            +---------+---------+-------+---------+---------+-------
